 Dungeon Crawl Stone Soup version 0.28-a0-1182-g381e24db82 (webtiles) character file.

Game seed: 17241968555628172620

88 ChaosChampion the Insei (level 4, -3/28 HPs)
             Began as an Octopode Transmuter on Dec 17, 2021.
             Slain by a gnoll (9 damage)
             ... on level 3 of the Dungeon.
             The game lasted 00:01:47 (2483 turns).

ChaosChampion the Insei (Octopode Transmuter)       Turns: 2483, Time: 00:01:47

Health: -3/28      AC:  1    Str:  9    XL:     4   Next: 53%
Magic:  3/7        EV: 13    Int: 17    God:
Gold:   20         SH:  0    Dex: 12    Spells: 1/7 levels left

rFire   . . .      SeeInvis .     - Unarmed
rCold   . . .      Faith    .   (no shield)
rNeg    . . .      Spirit   .   (helmet currently unavailable)
rPois   .          Reflect  .   c - amulet of the acrobat
rElec   .          Harm     .   (no ring)
rCorr   .          Rampage  .   (no ring)
Will    .....                   (no ring)
Stlth   ++........              (no ring)
HPRegen 0.09/turn               (no ring)
MPRegen 0.10/turn               (no ring)
                                (no ring)
                                (no ring)

@: appendages (expiring), wereblooded, very slightly contaminated
A: tentacle spike 3, almost no armour, amphibious, 8 rings, camouflage 1,
gelatinous body 1, (nimble swimmer 1), tentacles
a: End Transformation


You were on level 3 of the Dungeon.
One of your tentacles had grown a beastly spike.
You visited 1 branch of the dungeon, and saw 3 of its levels.

You collected 20 gold pieces.

Inventory:

Jewellery
 c - an amulet of the acrobat (around mantle)
Scrolls
 a - a scroll of vulnerability {unknown}
 b - a scroll of magic mapping {unknown}
 f - a scroll of blinking {unknown}
 j - a scroll of enchant armour {unknown}
Potions
 d - 2 potions of heal wounds {unknown}
 e - 2 potions of attraction {unknown}
 g - a potion of magic {unknown}
 h - a potion of haste {unknown}
 i - a potion of mutation {unknown}


   Skills:
 - Level 1.0 Fighting
 - Level 2.0 Dodging
 * Level 4.6 Unarmed Combat
 - Level 2.0 Spellcasting
 + Level 3.0 Transmutations


You had one spell level left.
You knew the following spells:

 Your Spells              Type           Power      Damage    Failure   Level
a - Beastly Appendage     Tmut           24%        N/A       5%          1
b - Wereblood             Tmut           12%        N/A       9%          2
c - Spider Form           Tmut/Pois      6%         N/A       30%         3

Your spell library contained the following spells:

 Spells                   Type           Power      Damage    Failure   Level
 Ice Form                 Ice/Tmut       6%         N/A       71%         4


Dungeon Overview and Level Annotations

Branches:
Dungeon (3/15)

Altars:


Innate Abilities, Weirdness & Mutations

One of your tentacles has grown a beastly spike.
You cannot wear most types of armour.
You are amphibious.
You can wear up to eight rings at the same time.
Your skin changes colour to match your surroundings (Stealth+).
Your rubbery body absorbs attacks. (AC +1, EV +1)
((You are camouflaged near water. (Stealth+)))
You have tentacles for arms and can constrict up to eight enemies at once.


Message History

Confirm with . or Enter, or press ? or * to list all spells.
Your blood is infused with primal strength.
The gnoll barely misses you.
You tentacle-slap the gnoll but do no damage.
You grab the gnoll.
You pierce the gnoll, but do no damage.
You squeeze the gnoll.
You feel a bit better.
You kill the gnoll!
You howl as the wereblood boils in your veins!
The gnoll completely misses you.
Your Transmutations skill increases to level 3!
You tentacle-slap the hobgoblin. You grab the hobgoblin.
You squeeze the hobgoblin.
The hobgoblin is moderately wounded.
Your transformation is almost over.
You constrict the hobgoblin. The hobgoblin closely misses you.
The gnoll barely misses you.
You tentacle-slap the hobgoblin.
You kill the hobgoblin!
The gnoll closely misses you.
You barely miss the kobold. You grab the kobold.
You pierce the kobold.
You kill the kobold!
The gnoll barely misses you. The gnoll hits you with a +0 spear.
You see here a +0 dagger.
You closely miss the gnoll. You grab the gnoll.
You pierce the gnoll.
The gnoll is moderately wounded.
You constrict the gnoll. The gnoll closely misses you.
You tentacle-slap the gnoll but do no damage.
You grab the gnoll. You squeeze the gnoll.
The gnoll is moderately wounded.
You constrict the gnoll.
You constrict the gnoll, but do no damage.
The gnoll hits you with a +0 spear! The gnoll hits you with a +0 whip!
* * * LOW HITPOINT WARNING * * *
You tentacle-slap the gnoll.
You pierce the gnoll.
The gnoll is severely wounded.
You howl as the wereblood boils in your veins!
You constrict the gnoll, but do no damage. x2
The gnoll hits you with a +0 whip!
You die...

......## ......#
..... .... ..# #.##
#gB# #gg# ##@#####
#########.)##....
........#..##.#.#
........'..##.#.#
........##..#.#.#
........##..#.#.#
........##.>..#.#
.......)###.#.#.####
......†.'...#......#


You could see 3 gnolls and a giant cockroach.

Vanquished Creatures
  2 adders (D:2)
  A gnoll (D:3)
  3 dart slugs (D:1)
  An orc (D:3)
  2 ball pythons
  4 endoplasms
  6 goblins
  6 hobgoblins
  5 jackals
  6 kobolds
  A quokka (D:2)
  4 bats
  4 frilled lizards
  4 rats
49 creatures vanquished.

Notes
Turn   | Place    | Note
-------+----------+-------------------------------------------
     0 | D:1      | ChaosChampion the Octopode Transmuter began the quest for
                  | the Orb.
     0 | D:1      | Reached XP level 1. HP: 13/13 MP: 3/3
   171 | D:1      | Reached XP level 2. HP: 13/18 MP: 3/5
   175 | D:1      | Learned a level 2 spell: Wereblood
   442 | D:1      | Found a faded altar of an unknown god.
   471 | D:1      | Reached XP level 3. HP: 23/23 MP: 2/6
  1122 | D:2      | Reached skill level 4 in Unarmed Combat
  1345 | D:2      | Learned a level 3 spell: Spider Form
  1573 | D:2      | Reached XP level 4. HP: 11/28 MP: 3/7
  2483 | D:3      | Slain by a gnoll

Illustrated notes

Levels and vault maps discovered:
D:1:      eino_arrival_tree_alley, layout_loops_ring,
          ebering_ecumenical_altar_webs, columned_hall_lemuel, item_on_display_a
D:2:      layout_loops_corners, kennysheep_boxes
D:3:      layout_basic, kennysheep_generic_room_12

Skill      XL: |  1  2  3  4 |
---------------+-------------+-----
Unarmed Combat | 4 |  4.6
Transmutations | 3 |  3.0
Fighting       | |  1.0
Dodging        | |  2.0
Spellcasting   | |  2.0

Action                   |  1- 3 |  4- 6 || total
-------------------------+-------+-------++-------
Melee: Unarmed           |    82 |    32 ||   114
       Kick              |    13 |     9 ||    22
       Tentacles         |     8 |    10 ||    18
       Constrict         |    21 |     9 ||    30
       Punch             |     1 |     2 ||     3
 Cast: Beastly Appendage |    19 |     6 ||    25
       Wereblood         |     9 |     4 ||    13
 Stab: Sleeping          |     3 |     1 ||     4
Armor: Skin              |     4 |     5 ||     9
Dodge: Dodged            |    41 |    26 ||    67

Table legend: (Time is in decaauts)
 A = Elapsed time spent in this place.
 B = Non-inter-level travel time spent in this place.
 C = Inter-level travel time spent in this place.
 D = Time resting spent in this place.
 E = Time spent auto-exploring this place.
 F = Levels seen in this place.
 G = Mean time per level.
                   A        B        C        D        E       F      G
               +--------+--------+--------+--------+--------+-----+--------+
         Total |   2474 |   2456 |     18 |    227 |   1913 |   3 |  824.7 |
       Dungeon |   2474 |   2456 |     18 |    227 |   1913 |   3 |  824.7 |
               +--------+--------+--------+--------+--------+-----+--------+

Top non-repeatable levels by time:
     D:2: 1384 daAuts
     D:1: 992 daAuts
     D:3: 98 daAuts
